 Dungeon Crawl Stone Soup version 0.31-a0-795-g5eb97db20b (webtiles) character file.

Game seed: 14911040580011115954

9 cforsyth the Sneak (level 2, -3/25 HPs)
             Began as a Djinni Delver on Sept 18, 2023.
             Killed from afar by a bog mummy (16 damage)
             ... with a puff of frost
             ... in an ossuary.
             The game lasted 00:00:47 (227 turns).

cforsyth the Sneak (Djinni Delver)                   Turns: 227, Time: 00:00:48

Health: -3/25      AC:  3    Str: 11    XL:     2   Next: 20%
Gold:   28         EV: 12    Int: 11    God:
                   SH:  0    Dex: 14

rFire   + + .        a - +0 falchion
rCold   x . .        (no shield)
rNeg    . . .        b - +0 leather armour
rPois   ∞            (no helmet)
rElec   .            (no cloak)
rCorr   .            (no gloves)
SInv    .            (boots unavailable)
Will    .....        (no amulet)
Stlth   ++           h - ring of wizardry
HPRegen 0.24/turn    (no ring)
MPRegen 0.00/turn

%: wizardry (x1), infuse magic (-4 HP)
@: flying
A: sickness immunity, fire resistance 2, cold vulnerability 1, float, innate
caster, HP casting, extra vitality 1
a: no special abilities


You were in an ossuary.
You visited 1 branch of the dungeon, and saw 1 of its levels.
You also visited: Ossuary.

You collected 28 gold pieces.

Inventory:

Hand Weapons
 a - a +0 falchion (weapon)
Armour
 b - a +0 leather armour (worn)
Jewellery
 h - a ring of wizardry (left hand)
Wands
 g - a wand of digging (3)
Scrolls
 c - a scroll of fog
 d - a scroll of revelation
 e - a scroll of fear
Potions
 f - a potion of haste


   Skills:
 + Level 3.3 Fighting
 - Level 1.7 Long Blades
 - Level 2.1 Dodging
 - Level 4.1 Stealth
 + Level 0.7 Spellcasting
 + Level 0.7 Conjurations
 + Level 0.7 Hexes
   Level 0.0 Charms
 + Level 0.7 Summonings
 + Level 0.7 Necromancy
 + Level 0.7 Translocations
 + Level 0.7 Transmutations
 + Level 0.7 Fire Magic
 + Level 0.7 Ice Magic
 + Level 0.7 Air Magic
 + Level 0.7 Earth Magic
 + Level 0.7 Poison Magic You didn't know any spells. Your spell library was empty.

Dungeon Overview and Level Annotations

Branches:
Dungeon (5/15)            Ossuary (1/1)
 Temple: D:4-7

Altars:


Innate Abilities, Weirdness & Mutations

You are immune to sickness and miasma.
You are immune to poison.
Your flesh is very heat resistant. (rF++)
You are vulnerable to cold. (rC-)
You float through the air rather than walking.
You learn spells naturally, not from books.
Your magical power is your life essence.
You have superior vitality. (+4 MHP)


Message History

The jelly quivers.
Okay, then.
Okay, then.
Okay, then.
There is a sand-covered staircase here.
The jelly hits you but does no damage.
The world spins around you as you enter the gateway.
You enter an ossuary!
Found a gate leading back out of this place.
There is an empty arch of ancient stone here.
You reach down and open the door.
A bog mummy comes into view.
Okay, then.
Okay, then.
A bullfrog zombie comes into view.
You hit the bog mummy.
The bog mummy is moderately damaged.
The bog mummy hits you but does no damage.
You hit the bog mummy but do no damage.
The bog mummy is moderately damaged.
You completely miss the bog mummy.
The bog mummy is moderately damaged.
The bog mummy barely misses you.
You slash the bog mummy!
The bog mummy is severely damaged.
The bog mummy hits you.
You hit the bog mummy.
The bog mummy is severely damaged.
The bog mummy hits you!
You barely miss the bog mummy.
The bog mummy is severely damaged.
You hit the bog mummy.
The bog mummy is almost destroyed.
The bog mummy barely misses you.
You hit the bog mummy but do no damage.
The bog mummy is almost destroyed.
The bog mummy points at you and mumbles some strange words.
The puff of frost hits you!
You feel a terrible chill!
Ouch! That really hurt!
You die...

#####
#..∩#
#.∩.#
#..@#
##M##
~~..
~.~.#~M
##P~P
Z#.
####
≈#≈# ##
≈ #


You could see a bog mummy.

Vanquished Creatures
  An adder (D:5)
1 creature vanquished.

Notes
Turn   | Place    | Note
-------+----------+-------------------------------------------
     0 | D:5      | cforsyth the Djinni Delver began the quest for the Orb.
     0 | D:5      | Reached XP level 1. HP: 20/20 MP: 0/0
    29 | D:5      | Reached XP level 2. HP: 11/25 MP: 0/0
   202 | D:5      | Found a sand-covered staircase.
   209 | Ossuary  | Entered an ossuary
   227 | Ossuary  | Killed from afar by a bog mummy

Illustrated notes

Levels and vault maps discovered:
D:5:      layout_cave_pods, old_standard_altar, nicolae_ossuary_entry_monument,
          uniq_ijyb, uniq_menkaure
Ossuary:  ossuary_zaba_flooded

Action                     || total
---------------------------++-------
  Melee: Falchion          ||    25
 Armour: Leather armour    ||    17
  Dodge: Dodged            ||    16

Table legend: (Time is in decaauts)
 A = Elapsed time spent in this place.
 B = Non-inter-level travel time spent in this place.
 C = Inter-level travel time spent in this place.
 D = Time resting spent in this place.
 E = Time spent auto-exploring this place.
 F = Levels seen in this place.
 G = Mean time per level.
                   A        B        C        D        E       F      G
               +--------+--------+--------+--------+--------+-----+--------+
         Total |    231 |    231 |      0 |      0 |    121 |   2 |  115.5 |
       Dungeon |    212 |    212 |      0 |      0 |    120 |   1 |  212.0 |
       Ossuary |     19 |     19 |      0 |      0 |      1 |   1 |   19.0 |
               +--------+--------+--------+--------+--------+-----+--------+

Top non-repeatable levels by time:
     D:5: 212 daAuts
 Ossuary: 19 daAuts
